 Dungeon Crawl Stone Soup version 0.25-a0-834-g55863b0b92 (webtiles) character file.

Game seed: 3591020233316649109, levelgen mode: deterministic

119 Flugkiller the Ducker (level 4, -11/39 HPs)
             Began as a Deep Elf Wanderer on Apr 23, 2020.
             Mangled by a large abomination (13 damage)
             ... on level 1 of the Abyss.
             The game lasted 00:11:52 (4219 turns).

Flugkiller the Ducker (Deep Elf Wanderer)           Turns: 4219, Time: 00:11:52

Health: -11/39     AC: 22    Str:  9    XL:     4   Next: 73%
Magic:  9/9        EV:  2    Int: 19    God:
Gold:   136        SH:  0    Dex: 13    Spells: 3/7 levels left

rFire    . . .     SeeInvis .   a - +1 spear
rCold    . . .     Gourm    .   (no shield)
rNeg     + + +     Faith    .   (armour currently unavailable)
rPois    +         Spirit   .   (helmet currently unavailable)
rElec    .         Reflect  .   (cloak currently unavailable)
rCorr    .         Harm     .   (gloves currently unavailable)
MR       .....     NoTele   +   (boots currently unavailable)
Stlth    ++........             (no amulet)
HPRegen  0.00/turn              (no ring)
MPRegen  0.11/turn              (no ring)

@: tree-form, non-regenerating, mildly diseased
A: no striking features
a: no special abilities


You were on level 1 of the Abyss.
You were not hungry.
You were a tree.
You visited 1 branch of the dungeon, and saw 2 of its levels.
You visited the Abyss 1 time.

You collected 136 gold pieces.

Inventory:

Hand Weapons
 a - a +1 spear (weapon)
 l - a +2 dagger of venom
   (You took it off a goblin on level 2 of the Dungeon)
Missiles
 g - 6 stones (quivered)
 n - 64 arrows
Armour
 b - a +0 kite shield
 d - a +0 robe (melded)
Scrolls
 e - a scroll of remove curse
Potions
 h - a potion of flight
Comestibles
 f - 5 rations


   Skills:
 + Level 2.2 Fighting
 - Level 2.1 Polearms
 * Level 3.2 Dodging
 - Level 1.2 Stealth
 - Level 1.0 Shields
 - Level 0.1 Unarmed Combat
 - Level 2.0 Spellcasting
   Level 1.1 Translocations
 - Level 2.0 Transmutations
 - Level 1.1 Poison Magic
   Level 1.1 Evocations


You had 3 spell levels left.
You knew the following spells:

 Your Spells              Type           Power        Failure   Level  Hunger
a - Beastly Appendage     Tmut           #.....       8%          1    #......
b - Spider Form           Tmut/Pois      #.........   26%         3    ###....

Your spell library contained the following spells:

 Spells                   Type           Power        Failure   Level  Hunger


Dungeon Overview and Level Annotations

Branches:
Dungeon (2/15)

Altars:
Okawaru
Ru

Annotations:
D:2 exclusion: 2 adders


Message History

It is a scroll of enchant weapon.
Your +0 spear glows red for a moment.
A raiju comes into view.
The raiju barks!
The ufetubus hits you.
* * * LOW HITPOINT WARNING * * *
The ufetubus hits you.
* * * LOW HITPOINT WARNING * * *
The large abomination barely misses you.
The ufetubus closely misses you. The ufetubus completely misses you.
Unknown command.
Unknown command.
Really quaff the potion of lignification?
You turn into a tree.
Your +0 robe melds into your body.
Your roots penetrate the ground.
The ufetubus disappears in a puff of smoke!
Unknown command.
You hit the ufetubus.
The ufetubus is moderately wounded.
The ufetubus hits you but does no damage. x2
You hit the ufetubus.
The ufetubus is severely wounded.
The ufetubus hits you but does no damage.
The ufetubus completely misses you.
The ynoxinul gestures.
The ufetubus hits you but does no damage. x2
You hit the ufetubus.
You kill the ufetubus!
The ufetubus barely misses you.
The ufetubus hits you but does no damage.
You hit the large abomination.
The large abomination is lightly damaged.
The ufetubus hits you but does no damage. x2
The large abomination hits you.
* * * LOW HITPOINT WARNING * * *
You hit the large abomination.
The large abomination is lightly damaged.
The ufetubus hits you.
* * * LOW HITPOINT WARNING * * *
The ufetubus hits you but does no damage. x3
You hit the large abomination.
The large abomination is lightly damaged.
The large abomination hits you.
* * * LOW HITPOINT WARNING * * *
The ufetubus hits you but does no damage. x2
You barely miss the large abomination.
The large abomination is lightly damaged.
The ufetubus hits you but does no damage. x2
The large abomination hits you!
You die...

## # ####
5.# # ..
##... #.#
#......#
#.. # .
.# #.##
...# # #
.5### #
#.##..##
[# ###
##.#.#
#♣####..#
#5X3x..##
#5#h.###
#.......
##..##..#
#..# .#
.... ...
#....
.... ##..
##.


You could see an ancient zyme, a large abomination, a raiju, a ynoxinul and 2
ufetubi.

Vanquished Creatures
  An iguana (D:2)
  An orc wizard (D:2)
  An adder (D:2)
  3 worms (D:2)
  A dart slug (D:2)
  2 leopard geckos (D:1)
  2 giant cockroaches (D:2)
  2 hobgoblins
  10 jackals (D:2)
  A quokka (D:2)
  A ball python (D:2)
  5 bats
  3 frilled lizards
  3 goblins
  4 kobolds
  7 rats
47 creatures vanquished.

Notes
Turn   | Place    | Note
-------+----------+-------------------------------------------
     0 | D:1      | Flugkiller the Deep Elf Wanderer began the quest for the
                  | Orb.
     0 | D:1      | Flugkiller set off with the following items: a +0 spear, a
                  | +0 kite shield, a +0 robe, a ration; and the following
                  | spell memorised: Beastly Appendage; and the following
                  | spells available to memorise: Spider Form
     0 | D:1      | Reached XP level 1. HP: 10/10 MP: 5/5
   312 | D:1      | Reached skill level 1 in Fighting
  1120 | D:1      | Reached XP level 2. HP: 12/16 MP: 4/6
  2101 | D:2      | Reached XP level 3. HP: 12/21 MP: 5/7
  2230 | D:2      | Learned a level 3 spell: Spider Form
  2506 | D:2      | Reached skill level 1 in Transmutations
  3166 | D:2      | Reached skill level 2 in Dodging
  3166 | D:2      | Reached XP level 4. HP: 26/26 MP: 6/9
  3432 | D:2      | Found an iron altar of Okawaru.
  3542 | D:2      | Found a sacrificial altar of Ru.
  3560 | D:2      | Reached skill level 3 in Dodging
  4032 | D:2      | Cast into level 1 of the Abyss (orc)
  4134 | Abyss:1  | Noticed a small abomination
  4144 | Abyss:1  | Noticed a raiju
  4152 | Abyss:1  | Noticed a raiju
  4175 | Abyss:1  | Noticed an ancient zyme
  4176 | Abyss:1  | Noticed a ynoxinul
  4184 | Abyss:1  | Noticed a small abomination
  4205 | Abyss:1  | Noticed a large abomination
  4208 | Abyss:1  | Noticed a raiju
  4219 | Abyss:1  | Mangled by a large abomination

Levels and vault maps discovered:
D:1:      evilmike_arrival_crescent, layout_basic
D:2:      minmay_spotlight, layout_rooms, tgw_xom, okawaru_metal_pillars_1_2,
          first_ration, nicolae_ru_great_annihilating_truth
Abyss:1:  base: D:1, minivault_13, evilmike_abyss_exit_9

Skill      XL: |  1  2  3  4 |
---------------+-------------+-----
Fighting       | 1 2 |  2.2
Spellcasting   | 2 |  2.0
Transmutations | 2 |  2.0
Dodging        | 2 3 |  3.2
Polearms       | |  2.1
Stealth        | |  1.2
Shields        | |  1.0
Unarmed Combat | |  0.1
Translocations | |  1.1
Poison Magic   | |  1.1
Evocations     | |  1.1

Action                   |  1- 3 |  4- 6 || total
-------------------------+-------+-------++-------
Melee: Spear             |   123 |    17 ||   140
       Headbutt          |     5 |       ||     5
       Kick              |    13 |     4 ||    17
       Unarmed           |     8 |    24 ||    32
       Dagger            |       |     7 ||     7
Throw: Stone             |     4 |     3 ||     7
 Cast: Beastly Appendage |    21 |     1 ||    22
       Spider Form       |     2 |     5 ||     7
  Use: Scroll            |       |     4 ||     4
       Potion            |       |     3 ||     3
 Stab: Sleeping          |     3 |       ||     3
       Paralysed         |       |     1 ||     1
  Eat: Chunk             |     6 |     2 ||     8
       Ration            |     1 |       ||     1
Armor: Robe              |    20 |       ||    20
       Skin              |       |    16 ||    16
Dodge: Dodged            |    71 |    28 ||    99
Block: Kite shield       |     3 |       ||     3

Table legend:
 A = Non-vault XP
 B = Vault XP
 C = Vault XP percentage of total XP
 D = Non-vault monster count
 E = Vault monster count
 F = Vault count percentage of total count
                 A         B        C        D         E       F
            +---------+---------+-------+---------+---------+-------
      Total |     130 |      40 |  23.5 |      43 |       4 |   8.5
            +---------+---------+-------+---------+---------+-------
        D:1 |      17 |       0 |   0.0 |      12 |       0 |   0.0
        D:2 |     113 |      40 |  26.1 |      31 |       4 |  11.4
            +---------+---------+-------+---------+---------+-------
